 Dungeon Crawl Stone Soup version 0.32-a0-20-ge526923d97 (webtiles) character file.

Game seed: 16580905252070443797

132 Hellonello the Changeling (level 5, -5/27 HPs)
             Began as an Octopode Shapeshifter on Jan 17, 2024.
             Slain by Crazy Yiuf
             ... wielding a +4 quarterstaff of chaos
              (14 damage)
             ... on level 3 of the Dungeon.
             The game lasted 00:03:30 (2217 turns).

Hellonello the Changeling (Octopode Shapeshifter)   Turns: 2217, Time: 00:03:31

Health: -5/27      AC:  1    Str: 14    XL:     5   Next: 15%
Magic:  5/5        EV: 17    Int: 12    God:
Gold:   191        SH:  0    Dex: 13    Spells: 4/4 levels left

rFire   . .          .
                       - Unarmed
rCold   . . .        (shield currently unavailable)
rNeg    . . .        (helmet restricted)
rPois   .            (no amulet)
rElec   .            (no ring)
rCorr   .            (no ring)
SInv    .            (no ring)
Will    .....        (no ring)
Stlth   +            (no ring)
HPRegen 0.24/turn    (no ring)
MPRegen 0.09/turn    (no ring)
                     (no ring)

%: no passive effects
@: flux-form, glowing
A: glow, contaminating, reduced hp, almost no armour, amphibious, 8 rings,
camouflage 1, gelatinous body 1, (nimble swimmer 1), tentacles
a: Begin Untransformation


You were on level 3 of the Dungeon.
You were something dangerously unstable.
You visited 1 branch of the dungeon, and saw 3 of its levels.

You collected 191 gold pieces.

Inventory:

Talismans
 b - a beast talisman
 c - a flux talisman (active)
Wands
 f - a wand of paralysis (9)
Scrolls
 e - a scroll of enchant weapon
 i - a scroll of poison {unknown}
 l - a scroll of identify
Potions
 a - 2 potions of lignification
 d - a potion of curing
 g - a potion of enlightenment {unknown}
 h - a potion of heal wounds
 j - a potion of attraction {unknown}
 k - a potion of degeneration {unknown}


   Skills:
 - Level 1.0 Fighting
 - Level 2.0 Dodging
 - Level 3.0 Unarmed Combat
 + Level 5.3 Shapeshifting


You had 4 spell levels left.
You didn't know any spells.
Your spell library contained the following spells:

 Spells                   Type           Power      Damage    Failure   Level
 Gell's Gravitas          Tloc           0%         N/A       69%         3
 Teleport Other           Tloc           0%         N/A       69%         3
 Dispersal                Tloc           0%         N/A       100%        6


Dungeon Overview and Level Annotations

Branches:
Dungeon (3/15)

Altars:

Annotations:
D:3 Crazy Yiuf


Innate Abilities, Weirdness & Mutations

You are something dangerously unstable.
You glow with magical radiation, making you easy to see and hit.
Foes you strike become dangerously contaminated with magical radiation.
Your maximum health is decreased, since you lack skill for your form.
You are incapable of wielding weapons or throwing items.
You cannot wear most types of armour.
You are amphibious.
You can wear up to eight rings at the same time.
Your skin changes colour to match your surroundings (Stealth+).
Your rubbery body absorbs attacks. (AC +1, EV +1)
((You are camouflaged when in or above water. (Stealth+)))
You have tentacles for arms and can constrict up to eight enemies at once.


Message History

A giant cockroach comes into view.
Found 12 gold pieces.
Found a stone staircase leading down.
The helpless giant cockroach fails to defend itself.
You tentacle-slap the giant cockroach.
The giant cockroach begins to glow.
You grab the giant cockroach.
The giant cockroach is severely wounded.
You constrict the giant cockroach.
You kill the giant cockroach!
You see here a giant cockroach corpse.
You now have 191 gold pieces (gained 12).
Found a ring mail.
You see here a +0 ring mail.
Found a stone staircase leading up.
There is a stone staircase leading up here.
A kobold comes into view.
It is wielding a +0 dagger and quivering poisoned darts.
The kobold shouts!
The kobold closely misses you.
You tentacle-slap the kobold.
The kobold begins to glow.
You grab the kobold.
The kobold is heavily wounded.
You constrict the kobold.
You kill the kobold!
Things that are here:
a +0 dagger; 8 poisoned darts
Found a hammer.
Found a runed translucent door.
Crazy Yiuf shouts!
You open the door.
You tentacle-slap Crazy Yiuf but do no damage.
Crazy Yiuf begins to glow.
You grab Crazy Yiuf. You constrict Crazy Yiuf.
Crazy Yiuf hits you with a +4 quarterstaff of chaos!!
Ouch! That really hurt!
* * * LOW HITPOINT WARNING * * *
Crazy Yiuf draws strength from your wounds!
You tentacle-slap Crazy Yiuf but do no damage.
Crazy Yiuf glows dangerously bright.
You squeeze Crazy Yiuf.
Crazy Yiuf is moderately wounded.
You constrict Crazy Yiuf.
Crazy Yiuf hits you with a +4 quarterstaff of chaos!
Ouch! That really hurt!
You die...

......# ##.###....#
......###..# #....#
......#...## #..PP#
.#......### #..P##
.######.#### ##.##
.#.........# #.##
.#.####.##.# ##.#
.#.####.##.# #.##
.#.........# ##p#
.#......#### #g#
#..........# ...
#........### #...#
#.######.# #..)# #.# #.#
##### #.# #.### #.# #...#
#####
#.##############.#.#########


You could see Crazy Yiuf (heavy contam).

Vanquished Creatures
  Jessica (D:2)
  Ijyb (D:3)
  2 adders (D:3)
  6 dart slugs
  3 ribbon worms
  An orc (D:3)
  2 bats (D:1)
  2 endoplasms (D:1)
  4 giant cockroaches
  3 goblins
  3 hobgoblins
  2 jackals (D:2)
  4 ball pythons
  4 frilled lizards
  5 kobolds
  5 rats
48 creatures vanquished.

Notes
Turn   | Place    | Note
-------+----------+-------------------------------------------
     0 | D:1      | Hellonello the Octopode Shapeshifter began the quest for
                  | the Orb.
     0 | D:1      | Reached XP level 1. HP: 13/13 MP: 1/1
   106 | D:1      | Reached XP level 2. HP: 11/18 MP: 2/2
   713 | D:2      | Noticed Jessica
   722 | D:2      | Killed Jessica
   723 | D:2      | Reached skill level 4 in Shapeshifting
   723 | D:2      | Reached XP level 3. HP: 4/23 MP: 3/3
   858 | D:2      | Reached XP level 4. HP: 21/28 MP: 4/4
  1512 | D:3      | Noticed Ijyb
  1520 | D:3      | Paralysed by Ijyb for 4 turns
  1528 | D:3      | Killed Ijyb
  1529 | D:3      | Reached skill level 5 in Shapeshifting
  1631 | D:3      | Reached XP level 5. HP: 27/33 MP: 5/5
  2211 | D:3      | Found a runed translucent door.
  2212 | D:3      | Noticed Crazy Yiuf
  2217 | D:3      | Slain by Crazy Yiuf

Illustrated notes

Levels and vault maps discovered:
D:1:      dpeg_arrival_morbid_curiosity, layout_basic
D:2:      layout_rooms, serial_forest, infiniplex_forest_lined_1,
          infiniplex_forest_clump_large, infiniplex_forest_end_double,
          infiniplex_forest_fountain, infiniplex_forest_straight_3,
          infiniplex_forest_straight_2, infiniplex_forest_lined_3,
          infiniplex_forest_clump_curved, infiniplex_forest_straight_5,
          infiniplex_forest_corner_1, uniq_jessica
D:3:      layout_basic, uniq_crazy_yiuf_cottage, uniq_ijyb

Skill      XL: |  1  2  3  4 |
---------------+-------------+-----
Shapeshifting  | 4 5 |  5.3
Fighting       | |  1.0
Dodging        | |  2.0
Unarmed Combat | |  3.0

Action                     |  1- 3 |  4- 6 || total
---------------------------+-------+-------++-------
  Melee: Unarmed           |    56 |    58 ||   114
         Constrict         |    22 |    21 ||    43
         Tentacles         |    14 |    17 ||    31
    Use: Scroll            |     4 |     2 ||     6
   Stab: Sleeping          |       |     1 ||     1
 Armour: Skin              |    14 |    18 ||    32
  Dodge: Dodged            |    32 |    32 ||    64
   Form: Flux              |     1 |       ||     1

Table legend: (Time is in decaauts)
 A = Elapsed time spent in this place.
 B = Non-inter-level travel time spent in this place.
 C = Inter-level travel time spent in this place.
 D = Time resting spent in this place.
 E = Time spent auto-exploring this place.
 F = Levels seen in this place.
 G = Mean time per level.
                   A        B        C        D        E       F      G
               +--------+--------+--------+--------+--------+-----+--------+
         Total |   2209 |   2148 |     61 |    262 |   1514 |   3 |  736.3 |
       Dungeon |   2209 |   2148 |     61 |    262 |   1514 |   3 |  736.3 |
               +--------+--------+--------+--------+--------+-----+--------+

Top non-repeatable levels by time:
     D:3: 845 daAuts
     D:2: 692 daAuts
     D:1: 671 daAuts
